 Dungeon Crawl Stone Soup version 0.28-a0-823-gb444dcf96d (webtiles) character file.

Game seed: 18180384139992167708

252 horus123 the Poker (level 6, -2/63 HPs)
             Began as an Ogre Berserker on Nov 10, 2021.
             Was a Believer of Trog.
             Slain by Dowan (4 damage)
             ... on level 4 of the Dungeon.
             The game lasted 00:05:23 (3460 turns).

horus123 the Poker (Ogre Berserker)                 Turns: 3460, Time: 00:05:24

Health: -2/63      AC:  4    Str: 24    XL:     6   Next: 13%
Magic:  6/6        EV: 10    Int:  8    God:    Trog [**....]
Gold:   196        SH:  0    Dex:  8    Spells: 5/5 levels left

rFire   . . .      SeeInvis .   f - +0 glaive
rCold   . . .      Faith    .   (shield currently unavailable)
rNeg    . . .      Spirit   .   b - +1 animal skin
rPois   .          Reflect  .   (helmet restricted)
rElec   .          Harm     .   (no cloak)
rCorr   .          Rampage  .   (gloves unavailable)
Will    ++...                   (boots unavailable)
Stlth   +.........              (no amulet)
HPRegen 1.20/turn               (no ring)
MPRegen 0.10/turn               (no ring)

@: strong-willed, on berserk cooldown, regenerating, slowed, very slow
A: large, unfitting armour, tough skin 1
a: Renounce Religion, Berserk, Trog's Hand


You were on level 4 of the Dungeon.
You worshipped Trog.
Trog was pleased with you.
You visited 1 branch of the dungeon, and saw 4 of its levels.

You collected 196 gold pieces.

Inventory:

Hand Weapons
 a - a +0 mace
 f - a +0 glaive (weapon)
Armour
 b - a +1 animal skin (worn)
Scrolls
 d - a scroll of teleportation
Potions
 e - a potion of attraction
 g - a potion of invisibility


   Skills:
 - Level 4.5 Fighting
 - Level 3.1 Maces & Flails
 + Level 4.9 Polearms
 - Level 3.1 Dodging


You had 5 spell levels left.
You didn't know any spells.
Your spell library was empty.

Dungeon Overview and Level Annotations

Branches:
Dungeon (4/15)
 Temple: D:4-7

Altars:
Uskayaw

Shops:
D:1 :   D:3 (

Annotations:
D:4 Dowan


Innate Abilities, Weirdness & Mutations

You are too large for most types of armour.
You have tough skin. (AC +1)


Message History

Duvessa hits you with a +0 rapier.
* * * LOW HITPOINT WARNING * * *
You barely miss Duvessa.
Duvessa is moderately wounded.
Dowan mumbles some strange words.
Dowan blinks!
Duvessa hits you with a +0 rapier!
* * * LOW HITPOINT WARNING * * *
You slash Duvessa!
Duvessa is heavily wounded.
Duvessa barely misses you. Duvessa hits you with a +0 rapier.
* * * LOW HITPOINT WARNING * * *
You barely miss Duvessa.
Duvessa is heavily wounded.
Duvessa closely misses you.
You slash Duvessa!
You kill Duvessa!
Trog accepts your kill.
Dowan seems overcome with grief, but rights himself reflexively soon after.
Dowan seems to find hidden reserves of power!
Your skin stops crawling.
You feel less strong-willed.
Your Polearms skill increases to level 4!
You have reached level 6!
Your experience leads to an increase in your attributes!
Increase (S)trength, (I)ntelligence, or (D)exterity?
You feel stronger. x2
You closely miss the giant cockroach. The giant cockroach bites you.
* * * LOW HITPOINT WARNING * * *
You slash the giant cockroach!
You kill the giant cockroach!
Trog accepts your kill.
You are no longer berserk.
You are exhausted.
You feel yourself slow down. Dowan barely misses you.
Items here: ) [ ††.
Your skin crawls.
You feel strong-willed. Dowan hits you with a +0 dagger.
* * * LOW HITPOINT WARNING * * *
Dowan hits you with a +0 dagger.
You die...

#.# #.# #.# #.#
#.# #.# #.# #.#
.. #####@##..$#
#....e....#
#.!.......#
..$....<.......#
........$[.....#
.....#.........#
.....#.........#
.... ..........#
... ....########


You could see Dowan (fast).

Vanquished Creatures
  Duvessa (D:4)
  Terence (D:2)
  Robin (D:2)
  3 adders
  A worm (D:3)
  3 dart slugs
  2 orcs (D:3)
  2 ball pythons (D:3)
  3 endoplasms
  6 giant cockroaches
  14 goblins
  7 hobgoblins
  3 kobolds
  3 quokkas
  4 bats
  4 frilled lizards
  8 rats
66 creatures vanquished.

Notes
Turn   | Place    | Note
-------+----------+-------------------------------------------
     0 | D:1      | horus123 the Ogre Berserker began the quest for the Orb.
     0 | D:1      | Reached XP level 1. HP: 24/24 MP: 1/1
   298 | D:1      | Found Lehap's Book Boutique.
   404 | D:1      | Reached XP level 2. HP: 33/33 MP: 2/2
   902 | D:2      | Reached XP level 3. HP: 6/40 MP: 3/3
  1289 | D:2      | Found a hide-covered altar of Uskayaw.
  1316 | D:2      | Reached skill level 1 in Polearms
  1673 | D:2      | Noticed Robin
  1684 | D:2      | Killed Robin
  1684 | D:2      | Reached ** piety under Trog
  1685 | D:2      | Reached XP level 4. HP: 33/49 MP: 4/4
  1720 | D:2      | HP: 2/49 [goblin[Robin] (3)]
  2177 | D:2      | Noticed Terence
  2185 | D:2      | Killed Terence
  2471 | D:3      | Found Mokkamuk's Weapon Emporium.
  2640 | D:3      | Reached XP level 5. HP: 55/55 MP: 5/5
  3440 | D:4      | Noticed Dowan
  3441 | D:4      | Noticed Duvessa
  3453 | D:4      | HP: 4/82 [Duvessa (7)]
  3454 | D:4      | HP: 1/82 [Duvessa (4)]
  3456 | D:4      | Killed Duvessa
  3457 | D:4      | Reached XP level 6. HP: 3/63 MP: 6/6
  3460 | D:4      | HP: 2/63 [Dowan (2)]
  3460 | D:4      | Slain by Dowan

Illustrated notes

Levels and vault maps discovered:
D:1:      dpeg_chamrin_arrival_tetris, layout_loops_ring, serial_shops,
          nicolae_lakefront_shop
D:2:      layout_basic, basic_altar, uniq_terence, uniq_robin
D:3:      wad_crossroads, layout_loops_ring, serial_shops, nicolae_shop_crystal
D:4:      layout_rooms, minmay_misc_feat_plants, kennysheep_nondescript,
          lemuel_flame_loot_1, uniq_duvessa, uniq_pikel,
          uniq_crazy_yiuf_cottage, uniq_sigmund

Skill      XL: |  1  2  3  4  5 |
---------------+----------------+-----
Dodging        | 3 |  3.1
Maces & Flails | 3 |  3.1
Polearms       | 1 3 4 |  4.9
Fighting       | |  4.5

Action                   |  1- 3 |  4- 6 || total
-------------------------+-------+-------++-------
Melee: Mace              |    50 |       ||    50
       Glaive            |    28 |   106 ||   134
Invok: Berserk           |     1 |     2 ||     3
       Trog's Hand       |       |     2 ||     2
  Use: Scroll            |     4 |     2 ||     6
       Potion            |       |     4 ||     4
 Stab: Sleeping          |     1 |     3 ||     4
Armor: Animal skin       |    35 |    50 ||    85
Dodge: Dodged            |    50 |    57 ||   107

Table legend: (Time is in decaauts)
 A = Elapsed time spent in this place.
 B = Non-inter-level travel time spent in this place.
 C = Inter-level travel time spent in this place.
 D = Time resting spent in this place.
 E = Time spent auto-exploring this place.
 F = Levels seen in this place.
 G = Mean time per level.
                   A        B        C        D        E       F      G
               +--------+--------+--------+--------+--------+-----+--------+
         Total |   3550 |   3500 |     50 |    667 |   2292 |   4 |  887.5 |
       Dungeon |   3550 |   3500 |     50 |    667 |   2292 |   4 |  887.5 |
               +--------+--------+--------+--------+--------+-----+--------+

Top non-repeatable levels by time:
     D:2: 1592 daAuts
     D:3: 935 daAuts
     D:1: 864 daAuts
     D:4: 158 daAuts
